 Dungeon Crawl Stone Soup version 0.31-a0-836-g3ceb0a68c4 (webtiles) character file.

Game seed: 13648978319885911920

105 lunkers the Insei (level 5, 0/40 HPs)
             Began as a Meteoran Shapeshifter on Sept 26, 2023.
             Was an Initiate of Makhleb.
             Splashed by a jelly's acid (5 damage)
             ... on level 4 of the Dungeon.
             The game lasted 00:03:37 (1816 turns).

lunkers the Insei (Meteoran Shapeshifter)           Turns: 1816, Time: 00:03:38

Health: 0/40       AC: -6    Str: 15    XL:     5   Next: 31%
Magic:  6/6        EV: 12    Int: 12    God:    Makhleb [......]
Gold:   165        SH:  0    Dex: 15    Spells: 4/4 levels left

rFire   + .          .
                       - Unarmed
rCold   . . .        (no shield)
rNeg    . . .        a - +0 animal skin
rPois   +            (helmet currently unavailable)
rElec   .            (cloak currently unavailable)
rCorr   .            (gloves currently unavailable)
SInv    .            (boots currently unavailable)
Will    .....        (no amulet)
Stlth   +            g - ring of poison resistance
HPRegen 0.26/turn    p - ring of protection from fire
MPRegen 0.10/turn

%: no passive effects
@: beast-form, corroded, glowing
A: beast (slay +2), sense surroundings 1, otherworldly, glowing, explore regen
a: Begin Untransformation, Renounce Religion


You were on level 4 of the Dungeon.
You worshipped Makhleb.
Makhleb was noncommittal.
You were a hulking beast.
You visited 1 branch of the dungeon, and saw 4 of its levels.

You collected 165 gold pieces.

Inventory:

Armour
 a - a +0 animal skin (worn)
Jewellery
 g - a ring of poison resistance (left hand)
 p - a ring of protection from fire (right hand)
Talismans
 c - a beast talisman (active)
 d - a flux talisman
Scrolls
 f - a scroll of amnesia {unknown}
 i - a scroll of revelation {unknown}
 j - 2 scrolls of identify {unknown}
 l - a scroll of noise {unknown}
 q - a scroll of silence {unknown}
Potions
 b - a potion of lignification
 e - 3 potions of curing {unknown}
 h - a potion of degeneration {unknown}
 k - 3 potions of heal wounds {unknown}
 m - a potion of magic {unknown}
 n - a potion of resistance {unknown}
 o - a potion of might {unknown}
 r - a potion of attraction {unknown}


   Skills:
 - Level 1.1 Fighting
 - Level 2.1 Dodging
 * Level 5.7 Unarmed Combat
 + Level 4.6 Shapeshifting


You had 4 spell levels left.
You didn't know any spells.
Your spell library was empty.

Dungeon Overview and Level Annotations

Branches:
Dungeon (4/15) Zot: 601
 Temple: D:4-7

Altars:
Makhleb

Shops:
D:4 ?


Innate Abilities, Weirdness & Mutations

You are a hulking beast.
Your limbs bulge with bestial killing power. (Slay +2)
You passively map a small area around you.
You are easily found by Zot.
You glow in the dark.
You regain HP and MP as you explore.


Message History

The hobgoblin closely misses you.
You closely miss the hobgoblin. Your punch misses the hobgoblin.
The hobgoblin is severely wounded.
The hobgoblin misses you.
You barely miss the hobgoblin.
The hobgoblin is severely wounded.
The hobgoblin closely misses you.
You barely miss the hobgoblin.
The hobgoblin is severely wounded.
The hobgoblin barely misses you.
You hit the hobgoblin but do no damage.
The hobgoblin is severely wounded.
The hobgoblin misses you.
You hit the hobgoblin.
You kill the hobgoblin!
Makhleb accepts your kill.
You punch the hobgoblin!
You kill the hobgoblin!
Makhleb accepts your kill.
You hit the jelly.
Your hands burn!
The jelly is lightly wounded.
The jelly barely misses you.
You hit the jelly.
Your hands burn!
The jelly is heavily wounded.
The jelly misses you.
You hit the jelly. The acid corrodes you!
Your hands burn!
The jelly is severely wounded.
You hit the jelly.
Your hands burn!
The jelly is almost dead.
The jelly hits you.
You are splashed with acid!
* * * LOW HITPOINT WARNING * * *
You hit the jelly.
Your hands burn!
* * * LOW HITPOINT WARNING * * *
The jelly is almost dead.
The jelly hits you.
* * * LOW HITPOINT WARNING * * *
You are splashed with acid!
* * * LOW HITPOINT WARNING * * *
You hit the jelly but do no damage. The acid corrodes you!
Your hands burn!
You die...

###.# #...........#
#.########.#..#......#
####.#..................#####
#......####.....####.........
#.##.#.#$.##...## #.........
#.##.#.#...##.## ,,#.........
#....#.##..J#.#,,,##....#####
#.####..##.J#.#+ ##.....#
#........###h..###......#
#.###........8........### #.#
##...###...###....# ##### #.#
#..## +#.#+ ##..## #....
##.####.## ,#.# ##.####.###
#...##..# ,##.##, #.........
#.#..)#.# ##...## #.#.#..###
#...##..####.....####..#..†#..
#######...............###....#


You could see a jelly and an endoplasm.

Vanquished Creatures
  An orc wizard (D:2)
  A worm (D:4)
  3 dart slugs
  6 orcs
  14 ball pythons
  3 endoplasms (D:2)
  3 goblins
  7 hobgoblins
  7 quokkas
  5 bats
  5 frilled lizards
  A kobold (D:3)
  3 rats
59 creatures vanquished.

Notes
Turn   | Place    | Note
-------+----------+-------------------------------------------
     0 | D:1      | lunkers the Meteoran Shapeshifter began the quest for the
                  | Orb.
     0 | D:1      | Reached XP level 1. HP: 16/16 MP: 2/2
   128 | D:1      | Reached XP level 2. HP: 17/23 MP: 3/3
   138 | D:1      | Reached skill level 4 in Unarmed Combat
   390 | D:2      | Reached XP level 3. HP: 26/28 MP: 4/4
   410 | D:2      | Reached XP level 4. HP: 31/35 MP: 5/5
   417 | D:2      | Reached skill level 5 in Unarmed Combat
   767 | D:3      | Found a burning altar of Makhleb.
   795 | D:3      | Became a worshipper of Makhleb the Destroyer
   891 | D:3      | Reached XP level 5. HP: 36/40 MP: 6/6
  1410 | D:4      | Found Yrremp's Magic Scroll Shoppe.
  1816 | D:4      | Splashed by a jelly's acid

Illustrated notes

Levels and vault maps discovered:
D:1:      giann_forest_graveyard, layout_loops_ring, minmay_crystal_room
D:2:      layout_loops_ring
D:3:      layout_loops_corners, bloody_makhleb
D:4:      cheibrodos_barr_body, layout_loops_cross,
          minmay_temple_entry_enclosed_plants, serial_shops,
          nicolae_take_the_stairs, grunt_ministairs_10

Skill      XL: |  1  2  3  4 |
---------------+-------------+-----
Unarmed Combat | 4 5 |  5.7
Shapeshifting  | 4 |  4.6
Fighting       | |  1.1
Dodging        | |  2.1

Action                     |  1- 3 |  4- 6 || total
---------------------------+-------+-------++-------
  Melee: Unarmed           |    63 |   104 ||   167
         Punch             |     3 |       ||     3
 Armour: Animal skin       |    26 |    48 ||    74
  Dodge: Dodged            |    37 |    54 ||    91

Table legend: (Time is in decaauts)
 A = Elapsed time spent in this place.
 B = Non-inter-level travel time spent in this place.
 C = Inter-level travel time spent in this place.
 D = Time resting spent in this place.
 E = Time spent auto-exploring this place.
 F = Levels seen in this place.
 G = Mean time per level.
                   A        B        C        D        E       F      G
               +--------+--------+--------+--------+--------+-----+--------+
         Total |   1799 |   1701 |     98 |      0 |   1329 |   4 |  449.8 |
       Dungeon |   1799 |   1701 |     98 |      0 |   1329 |   4 |  449.8 |
               +--------+--------+--------+--------+--------+-----+--------+

Top non-repeatable levels by time:
     D:3: 634 daAuts
     D:2: 428 daAuts
     D:4: 411 daAuts
     D:1: 324 daAuts
